 Dungeon Crawl Stone Soup version 0.27.1-33-g824d729ab1 (webtiles) character file.

Game seed: 12478947206270278095

6990 KittyFluff the Basher (level 11, -8/67 HPs)
             Began as a Gargoyle Berserker on Dec 27, 2021.
             Was an Elder of Trog.
             Mangled by a sun demon (17 damage)
             ... summoned by an obsidian statue
             ... on level 9 of the Dungeon.
             The game lasted 01:04:44 (11272 turns).

KittyFluff the Basher (Gargoyle Berserker)         Turns: 11272, Time: 01:04:45

Health: -8/67      AC: 15    Str: 22      XL:     11   Next: 8%
Magic:  11/11      EV: 13    Int: 11 (13) God:    Trog [****..]
Gold:   397        SH:  5    Dex: 18 (19) Spells: 10/10 levels left

rFire    . . .     SeeInvis .   a - +2 flail (protect)
rCold    . . .     Faith    .   (no shield)
rNeg     + . .     Spirit   .   G - +4 ring mail of Insatiable Hunger {*Slow rPois Int+4 Dex+3}
rPois    ∞         Reflect  +   n - +0 helmet
rElec    +         Harm     .   Q - +0 cloak
rCorr    +         Rampage  .   (no gloves)
Will     ++...                  (no boots)
Stlth    ++........             K - amulet of reflection
HPRegen  1.21/turn              g - ring of resist corrosion
MPRegen  0.12/turn              b - +6 ring of dexterity

@: strong-willed, corroded, under a protective aura, regenerating
A: sickness immunity, AC +8, negative energy resistance 1, electricity
resistance, torment resistance 1, petrification resistance
a: Renounce Religion, Berserk, Trog's Hand, Brothers in Arms


You were on level 9 of the Dungeon.
You worshipped Trog.
Trog was greatly pleased with you.
You visited 1 branch of the dungeon, and saw 10 of its levels.

You collected 397 gold pieces.

Inventory:

Hand Weapons
 a - a +2 flail of protection (weapon)
 x - a +0 antimagic mace
 L - a +0 quarterstaff
 N - the +2 hunting sling "Puablauwn" {speed, rN+ Will+}
   (You found it on level 7 of the Dungeon)

   Attacks with this weapon are significantly faster.
   rN:        It protects you from negative energy.
   Will:      It increases your willpower.
 P - a +2 quarterstaff of chaos
 R - a +4 mace
 T - the +6 great mace "Wintag" {spect, rElec}
   (You found it on level 9 of the Dungeon)

   When its wielder attacks, the weapon's spirit leaps out and strikes again.
   The spirit shares a part of any damage it takes with its wielder.
   rElec:     It insulates you from electricity.
Missiles
 c - 63 bolts
 h - 6 datura-tipped darts (quivered)
 y - 6 poisoned darts
 C - 53 sling bullets
 J - 23 boomerangs
Armour
 n - a +0 helmet (worn)
 o - a +2 robe of fire resistance
 G - the +4 ring mail of Insatiable Hunger (worn) {*Slow rPois Int+4 Dex+3}
   (You found it on level 5 of the Dungeon)

   Int:       It affects your intelligence (+4).
   Dex:       It affects your dexterity (+3).
   rPois:     It protects you from poison.
   *Slow:     It may slow you when you take damage.
 Q - a +0 cloak (worn)
Jewellery
 b - a +6 ring of dexterity (right hand)
 g - a ring of resist corrosion (left hand)
 k - a ring of protection from fire
 l - a ring of positive energy
 K - an amulet of reflection (around neck)
Wands
 p - a wand of flame (24)
 U - a wand of iceblast (11)
Scrolls
 e - a scroll of enchant armour {unknown}
 t - 2 scrolls of noise {unknown}
 u - a scroll of summoning {unknown}
 w - 2 scrolls of fear {unknown}
 B - 2 scrolls of magic mapping
 D - 3 scrolls of blinking
 F - a scroll of brand weapon
 I - a scroll of vulnerability
Potions
 f - 4 potions of flight
 j - 3 potions of lignification
 m - 2 potions of mutation
 z - 3 potions of attraction
 M - a potion of haste
 S - a potion of might {unknown}


   Skills:
 + Level 7.6 Fighting
 + Level 9.4(10.4) Maces & Flails
 * Level 7.1(9.3) Staves
 * Level 5.8 Slings
 + Level 0.1(3.5) Throwing
 + Level 5.6 Armour
 + Level 4.6 Dodging
 + Level 3.5 Stealth
 + Level 2.5 Shields


You had 10 spell levels left.
You didn't know any spells.
Your spell library was empty.

Dungeon Overview and Level Annotations

Branches:
Dungeon (10/15)            Temple (0/1) D:6
   Lair: D:8-11         Orc: D:9-12

Altars:
Ashenzari
Cheibriados
Dithmenos
Fedhas
Makhleb
Okawaru
Qazlal
Sif Muna
Vehumet
Xom
Yredelemnul
The Shining One

Shops:
D:6 ?

Annotations:
D:9 exclusion: obsidian statue


Innate Abilities, Weirdness & Mutations

You are immune to sickness and miasma.
Your stone body is resilient. (AC +8)
You are immune to poison.
You resist negative energy. (rN+)
You are resistant to electric shocks. (rElec)
You are resistant to unholy torment.
You are immune to petrification.


Message History

You barely miss the sun demon.
You are too mesmerised to rage.
You hit the sun demon but do no damage. The rust devil hits you.
The sun demon hits you but does no damage.
You cannot move away from the obsidian statue!
You miss the quasit.
The quasit bites you but does no damage.
You block the quasit's attack. The quasit claws you.
The rust devil barely misses you. The sun demon hits you.
You are engulfed in flames!!
The obsidian statue's eyes glow briefly.
The obsidian statue draws you further into its thrall.
As you read the scroll labelled UTABUNOJANA, it crumbles to dust.
The scroll dissolves into smoke.
It was a scroll of fog.
The quasit bites you but does no damage.
The quasit claws you.
You feel clumsy.
The quasit claws you but does no damage.
The sun demon hits you!
You are engulfed in flames!
* * * LOW HITPOINT WARNING * * *
The rust devil hits you.
* * * LOW HITPOINT WARNING * * *
The quasit closely misses you. x2
The quasit claws you but does no damage.
You cannot move away from the obsidian statue!
Your skin crawls.
You feel strong-willed. The sun demon barely misses you.
You block the rust devil's attack. You block the quasit's attack.
The quasit claws you but does no damage.
The quasit barely misses you. The rust devil hits you.
The obsidian statue's eyes glow briefly.
The obsidian statue draws you further into its thrall.
You cannot move away from something!
You feel better.
You are no longer entranced.
The sun demon hits you!
* * * LOW HITPOINT WARNING * * *
You are engulfed in flames!
You die...

#...####.............##
##.## #..............#
### #.###.........##
##.###.........#
##...[.........##
#..#8#8#........##
#.#8...8#.§..§§..###
#.8..)..8.§455§....#*
#.#.$8?...53@§§#....#
##.8.....8.§4§§§###.##
#..#8...8#..§§§§.####
#(.(#8#8#.......###
#.#.............#.##
#.#######..........#
#.* **........#.## #.*
*<.........## #.*
*#..#####.##


You could see a sun demon (summoned), 2 rust devils and 3 quasits.

Vanquished Creatures
  3 two-headed ogres
  2 trolls
  A hornet (D:8)
  6 yaks (D:10)
  2 wyverns (D:9)
  2 steam dragons
  A water moccasin (D:7)
  4 orc warriors
  A necrophage (D:7)
  A sky beast (D:6)
  2 ogres
  5 centaurs
  3 bullfrogs
  2 scorpions (D:5)
  A wyvern zombie (D:6)
  2 water moccasin skeletons
  3 killer bees (D:9)
  5 wights (D:8)
  7 electric eels (D:7)
  3 jellies
  A hound (D:7)
  Crazy Yiuf (D:7)
  2 iguanas
  6 orc priests
  5 orc wizards
  2 hound skeletons (D:4)
  6 gnolls
  A howler monkey zombie (D:7)
  2 howler monkey skeletons
  7 adders
  A shadow imp (D:5)
  2 worms
  3 dart slugs
  37 orcs
  7 ball pythons
  5 bats
  9 endoplasms
  2 giant cockroaches
  11 goblins
  7 hobgoblins
  3 jackals (D:1)
  5 kobolds
  7 quokkas
  5 frilled lizards
  A goblin skeleton (D:4)
  7 rats
  A spectral kobold (D:2)
202 creatures vanquished.

Vanquished Creatures (collateral kills)
  A gnoll (D:4)
1 creature vanquished.

Vanquished Creatures (others)
  2 gnolls (D:4)
  11 plants
13 creatures vanquished.

Grand Total: 216 creatures vanquished

Notes
Turn   | Place    | Note
-------+----------+-------------------------------------------
     0 | D:1      | KittyFluff the Gargoyle Berserker began the quest for the
                  | Orb.
     0 | D:1      | Reached XP level 1. HP: 14/14 MP: 1/1
    49 | D:1      | Reached XP level 2. HP: 19/19 MP: 2/2
   305 | D:1      | Reached XP level 3. HP: 20/24 MP: 3/3
   462 | D:1      | Reached ** piety under Trog
   728 | D:2      | Found a snail-covered altar of Cheibriados.
   807 | D:2      | Found a faded altar of an unknown god.
   982 | D:2      | Reached skill level 4 in Maces & Flails
   982 | D:2      | Reached XP level 4. HP: 17/29 MP: 4/4
  1400 | D:2      | Reached XP level 5. HP: 26/33 MP: 5/5
  2492 | D:4      | Noticed a human
  2492 | D:4      | Found a runed translucent door.
  2634 | D:4      | Reached skill level 5 in Maces & Flails
  2716 | D:4      | Noticed an ogre
  2722 | D:4      | Killed an ogre
  2723 | D:4      | Reached skill level 1 in Staves
  2723 | D:4      | Reached skill level 1 in Stealth
  2723 | D:4      | Reached XP level 6. HP: 39/39 MP: 6/6
  2957 | D:4      | Reached *** piety under Trog
  3064 | D:4      | Found a basalt altar of Yredelemnul.
  3251 | D:4      | Reached skill level 6 in Maces & Flails
  3257 | D:4      | Found a glowing golden altar of the Shining One.
  3323 | D:4      | Reached XP level 7. HP: 34/44 MP: 7/7
  3535 | D:5      | Entered Level 5 of the Dungeon
  3645 | D:5      | Identified the +4 ring mail of Insatiable Hunger {*Slow
                  | rPois Int+4 Dex+3}
  3785 | D:5      | Reached skill level 5 in Fighting
  3785 | D:5      | Reached skill level 7 in Maces & Flails
  4079 | D:5      | Reached XP level 8. HP: 29/49 MP: 8/8
  4491 | D:5      | Found a broken altar of Ashenzari.
  5476 | D:6      | Found a snail-covered altar of Cheibriados.
  5596 | D:6      | Found a staircase to the Ecumenical Temple.
  5683 | D:6      | Found a blossoming altar of Fedhas.
  5938 | D:6      | Found a radiant altar of Vehumet.
  5941 | D:6      | Found a stormy altar of Qazlal.
  6086 | D:6      | Found a burning altar of Makhleb.
  6119 | D:6      | Found a large runed translucent door.
  6125 | D:6      | Found a large runed translucent door.
  6176 | D:6      | Found a shadowy altar of Dithmenos.
  6278 | D:6      | Found a shimmering blue altar of Sif Muna.
  6295 | D:6      | Reached skill level 8 in Maces & Flails
  6372 | D:6      | Found Xuesov's Magic Scroll Shoppe.
  6474 | D:7      | Identified the +2 hunting sling "Puablauwn" {speed, rN+
                  | Will+}
  6741 | D:7      | HP: 1/76 [orc priest/divine providence (11)]
  7081 | D:7      | Reached **** piety under Trog
  7088 | D:7      | Reached skill level 1 in Shields
  7213 | D:7      | Reached skill level 1 in Slings
  7213 | D:7      | Reached XP level 9. HP: 55/55 MP: 9/9
  7299 | D:7      | Noticed a troll
  7312 | D:7      | Killed a troll
  7357 | D:7      | Found a runed translucent door.
  8375 | D:7      | Noticed Crazy Yiuf
  8383 | D:7      | Killed Crazy Yiuf
  8573 | D:8      | Noticed a two-headed ogre
  8589 | D:8      | Killed a two-headed ogre
  8590 | D:8      | Reached skill level 5 in Staves
  8755 | D:8      | Reached XP level 10. HP: 58/61 MP: 10/10
  9122 | D:8      | Noticed a two-headed ogre
  9141 | D:8      | Killed a two-headed ogre
  9796 | D:9      | Reached skill level 5 in Armour
  9807 | D:9      | Identified the +6 great mace "Wintag" {spect, rElec}
  9839 | D:9      | Found an iron altar of Okawaru.
  9857 | D:9      | Reached skill level 5 in Slings
  9864 | D:10     | Entered Level 10 of the Dungeon
  9864 | D:10     | Noticed a gargoyle
  9864 | D:10     | Noticed a kobold demonologist
 10234 | D:10     | Noticed a two-headed ogre
 10249 | D:10     | Killed a two-headed ogre
 10362 | D:10     | Reached ***** piety under Trog
 10363 | D:10     | Reached skill level 9 in Maces & Flails
 10398 | D:10     | Reached XP level 11. HP: 37/67 MP: 11/11
 10920 | D:9      | Found a shimmering altar of Xom.
 10933 | D:9      | Found a shimmering altar of Xom.
 10934 | D:9      | Found a shimmering altar of Xom.
 11060 | D:9      | Noticed an obsidian statue
 11201 | D:9      | Noticed a sixfirhy
 11212 | D:9      | HP: 1/67 [sixfirhy[an obsidian statue] (3)]
 11259 | D:9      | Noticed a sun demon
 11272 | D:9      | Mangled by a sun demon

Illustrated notes

Levels and vault maps discovered:
D:1:      wheals_arrival_shading, layout_rooms
D:2:      layout_basic, basic_altar, dreamdust_ecumenical_altar_drowned_temple
D:3:      layout_loops_corners
D:4:      layout_loops_ring, dk_yredelemnul_ordeal,
          mainiacjoe_overflow_small_starburst
D:5:      layout_basic, nicolae_ashenzari_skybound, kennysheep_boxes
D:6:      layout_cave_pools, fedhas_bush_and_centaur_altar, cheibriados_altar_1,
          general_overflow_altar, chequers_temple_overflow_statue_of_worship,
          jmf_multi_god_temple2, temple_hall, serial_shops, nicolae_square_shop,
          hangedman_abyss_or_decor_lesser_grid
D:7:      layout_basic, nicolae_lava_and_water, serial_bayou_lake_a,
          uniq_crazy_yiuf_cottage
D:8:      layout_basic
D:9:      layout_cross, overflow_temple_1_default, xom_redecorated,
          enter_bailey_4, minmay_statue_bubble
D:10:     layout_long_grid, lair_entry_dummy, serial_rivers,
          chequers_serial_rivers_small_3, chequers_serial_rivers_large_a,
          chequers_serial_rivers_small_b, chequers_serial_rivers_micro_c,
          chequers_serial_rivers_micro_e, serial_bayou_pond_b,
          minmay_lindwurm_lava, uniq_maggie

Skill      XL: |  1  2  3  4  5  6  7  8  9 10 11 |
---------------+----------------------------------+-----
Fighting       | 4 5 6 7 |  7.6
Maces & Flails | 4 5 6 7 8 9 |  9.4
Dodging        | 2 3 4 |  4.6
Staves         | 1 2 3 5 6 7 |  7.1
Stealth        | 1 2 3 |  3.5
Shields        | 1 2 |  2.5
Slings         | 1 3 5 |  5.8
Armour         | 4 5 |  5.6
Throwing       | |  0.1

Action                   |  1- 3 |  4- 6 |  7- 9 | 10-12 || total
-------------------------+-------+-------+-------+-------++-------
Melee: Mace              |    99 |    67 |       |       ||   166
       Flail             |       |   116 |   162 |    85 ||   363
       Quarterstaff      |       |       |    72 |    85 ||   157
 Fire: Hunting sling     |       |       |    73 |    53 ||   126
Throw: Dart              |       |     2 |       |       ||     2
Invok: Berserk           |     1 |     2 |     7 |     3 ||    13
       Trog's Hand       |       |       |       |     2 ||     2
       Brothers in Arms  |       |       |       |     1 ||     1
  Use: Scroll            |       |     4 |     6 |     5 ||    15
       Potion            |       |       |       |     3 ||     3
 Stab: Sleeping          |       |       |     2 |       ||     2
       Distracted        |       |       |     1 |       ||     1
       Paralysed         |       |       |       |     2 ||     2
Armor: Animal skin       |    35 |       |       |       ||    35
       Robe              |       |    60 |     7 |       ||    67
       Skin              |       |       |    59 |       ||    59
       Ring mail         |       |       |    29 |    79 ||   108
Dodge: Dodged            |    61 |   117 |   146 |   106 ||   430
Block: Other             |       |       |    28 |    43 ||    71
       Reflection        |       |       |     4 |     8 ||    12
